Construct Section Command Post
Selects Australian Defense Battlegroup
Selects Australian Light Infantry Section
Australian Light Infantry Section
Selects 2-pounder Anti-tank Gun Team
2-pounder Anti-tank Gun Team
Construct Platoon Command Post
Construct Field Infirmary
Australian Light Infantry Section
6-pounder Anti-tank Gun Team
Selects CMP 15cwt Supply Run
Selects Artillery Trip Wire Flares
Australian Light Infantry Section
6-pounder Anti-tank Gun Team
Selects Archer Tank Destroyer
Construct Company Command Post